Map: King's Cove LE

Players

Probe

  • Race: Protoss Protoss
  • League: Master
  • Spawn Location: 11:00

puCK (Nina) - Winner!

  • Race: Protoss Protoss
  • League: Grandmaster
  • Spawn Location: 5:00

Event: 2019 WCS Winter Americas

VOD

Have the link to the VOD?

Description

Time

  • Played on: March 23, 2019, 1:47 p.m.
  • Length: 9:09

All games in this series

Show
View Real Time Build Order
Export as new Build Order

Probe Protoss 

Build Orders: Oracle Opening 

Get SALT Encoding   

  12  0:01  Probe  
  13  0:13  Probe  
  14  0:20  Pylon  
  14  0:25  Probe  
  15  0:34  Probe  
  15  0:39  Gateway  
  15  0:42  Probe  
  16  0:47  Assimilator  
  17  0:51  Probe  
  17  0:55  Assimilator  
  18  0:59  Probe  
  19  1:07  Probe  
  19  1:12  Gateway  
  20  1:18  Probe  
  21  1:26  Cybernetics Core  
  21  1:31  Probe  
  22  1:36  Pylon  
  22  1:43  Probe  
  23  1:55  Probe  
  24  2:02  Adept x2  
  24  2:03  Warp Gate  
  24  2:07  Probe  
  29  2:15  Stargate  
  29  2:19  Probe  
  29  2:20  Pylon  
  30  2:38  Adept x2  
  30  2:41  Pylon  
  34  2:49  Oracle  
  36  3:07  Shield Battery  
  36  3:26  Oracle  
  39  3:32  Nexus  
  39  3:44  Probe  
  40  3:50  Stalker  
  40  3:51  Stalker  
  44  3:56  Probe  
  45  4:08  Probe  
  46  4:13  Pylon  
  46  4:16  Pylon  
  46  4:24  Oracle  
  46  4:31  Probe  
  47  4:35  Stalker x2  
  54  4:43  Probe  
  54  4:44  Probe  
  56  4:55  Probe  
  56  4:59  Stalker  
  59  5:00  Stalker  
  59  5:04  Probe  
  62  5:07  Probe, Pylon  
  63  5:20  Probe x2  
  65  5:30  Stalker x2  
  65  5:35  Probe  
  62  5:39  Probe  
  58  5:47  Probe  
  51  5:51  Probe  
  51  5:53  Robotics Facility  
  48  5:59  Probe  
  48  6:03  Probe  
  45  6:08  Probe  
  45  6:11  Probe  
  43  6:16  Sentry x2, Probe  
  43  6:17  Shield Battery x2  
  49  6:19  Probe  
  51  6:25  Probe  
  51  6:31  Immortal  
  50  6:33  Gateway  
  50  6:34  Forge  
  50  6:35  Shield Battery  
  52  6:44  Probe  
  52  6:45  Probe  
Show
View Real Time Build Order
Export as new Build Order

puCK Protoss - Winner!

Build Orders: Oracle Opening 

Get SALT Encoding   

  12  0:00  Probe  
  13  0:12  Probe  
  14  0:18  Pylon  
  14  0:25  Probe  
  15  0:33  Probe  
  15  0:38  Gateway  
  16  0:43  Assimilator, Probe  
  17  0:53  Probe  
  17  0:56  Assimilator  
  18  1:01  Probe  
  18  1:09  Probe, Gateway  
  20  1:20  Probe  
  20  1:25  Cybernetics Core  
  22  1:32  Probe  
  22  1:36  Pylon  
  22  1:45  Probe  
  23  1:57  Probe  
  24  2:04  Stargate  
  24  2:06  Adept  
  24  2:07  Adept  
  28  2:10  Probe  
  29  2:17  Pylon  
  29  2:22  Probe  
  30  2:25  Warp Gate  
  30  2:34  Probe  
  30  2:37  Oracle  
  30  2:48  Probe  
  34  2:53  Pylon  
  34  2:56  Stalker  
  36  3:05  Probe  
  36  3:10  Stalker  
  39  3:15  Shield Battery  
  39  3:28  Probe  
  39  3:31  Twilight Council  
  40  3:41  Nexus  
  40  3:45  Probe  
  41  3:57  Probe  
  41  4:00  Blink  
  41  4:09  Probe  
  42  4:14  Shield Battery  
  42  4:17  Stalker  
  42  4:21  Probe  
  45  4:24  Stalker  
  47  4:35  Pylon  
  47  4:42  Gateway  
  47  4:45  Gateway  
  47  4:52  Probe  
  48  4:57  Stalker  
  48  4:59  Stalker  
  52  5:01  Probe  
  52  5:02  Probe  
  54  5:11  Probe  
  54  5:13  Probe  
  56  5:22  Stalker  
  56  5:27  Stalker  
  58  5:40  Stalker x2  
  54  5:50  Probe  
  54  5:51  Stalker, Probe  
  54  6:02  Probe  
  54  6:03  Probe  
  54  6:04  Adept  
  53  6:05  Stalker x2  
  53  6:07  Pylon  
  58  6:13  Pylon  
  58  6:14  Probe  
  58  6:16  Stalker  
  58  6:17  Assimilator  
  61  6:18  Assimilator  
  61  6:26  Stalker x2  
  61  6:29  Stalker  
  67  6:37  Probe x2  
  69  6:42  Stalker, Shield Battery  
  69  6:45  Stalker  
Tags
 
Add a new tag
Caveats
  • Supply blocks, unpowered buildings, or Contaminate may cause inaccurate times.
  • Supply counts are checked every 10 seconds.